 Dungeon Crawl Stone Soup version 0.29.0-5-ge4962eb29e (webtiles) character file.

Game seed: 307866527689017640

524 ImASeal the Spear-Bearer (level 7, -5/52 HPs)
             Began as a Merfolk Gladiator on Aug 29, 2022.
             Killed by divine providence
             ... invoked by an orc priest
              (15 damage)
             ... on level 4 of the Dungeon.
             The game lasted 00:10:20 (4159 turns).

ImASeal the Spear-Bearer (Merfolk Gladiator)        Turns: 4159, Time: 00:10:21

Health: -5/52      AC:  9    Str: 14    XL:     7   Next: 22%
Magic:  7/7        EV: 13    Int:  7    God:
Gold:   184        SH:  0    Dex: 18    Spells: 4/6 levels left

rFire   . . .      SeeInvis .   a - +1 trident
rCold   . . .      Faith    .   p - orb {light}
rNeg    . . .      Spirit   .   x - +2 ring mail {rPois}
rPois   +          Reflect  .   c - +0 helmet
rElec   .          Harm     .   (no cloak)
rCorr   .          Rampage  .   f - +0 pair of gloves
Will    .....                   (no boots)
Stlth   +.........              (no amulet)
HPRegen 0.17/turn               (no ring)
MPRegen 0.10/turn               (no ring)

@: glowing
A: (nimble swimmer 2), mertail
a: no special abilities


You were on level 4 of the Dungeon.
You visited 1 branch of the dungeon, and saw 4 of its levels.

You collected 184 gold pieces.

Inventory:

Hand Weapons
 a - a +1 trident (weapon)
Missiles
 d - a throwing net (quivered)
 e - a javelin
Armour
 b - a +0 leather armour
 c - a +0 helmet (worn)
 f - a +0 pair of gloves (worn)
 p - an orb of light (worn)
 x - a +2 ring mail of poison resistance (worn)
Scrolls
 i - 2 scrolls of poison {unknown}
 j - 2 scrolls of enchant weapon
 o - a scroll of teleportation {unknown}
 q - 3 scrolls of identify {unknown}
 r - a scroll of magic mapping {unknown}
 s - 2 scrolls of amnesia {unknown}
 t - a scroll of vulnerability {unknown}
 v - a scroll of enchant armour {unknown}
 w - a scroll of immolation {unknown}
Potions
 g - a potion of cancellation {unknown}
 h - a potion of might {unknown}
 k - 6 potions of curing {unknown}
 l - 2 potions of haste {unknown}
 m - 2 potions of lignification {unknown}
 n - 2 potions of attraction {unknown}
 u - a potion of heal wounds {unknown}
 z - a potion of berserk rage {unknown}


   Skills:
 + Level 3.4 Fighting
 + Level 8.0 Polearms
 + Level 2.0 Throwing
 + Level 1.9 Armour
 + Level 5.4 Dodging
 + Level 1.3 Stealth
 + Level 0.1 Spellcasting
 + Level 0.8 Summonings


You had 4 spell levels left.
You knew the following spells:

 Your Spells              Type           Power      Damage    Failure   Level
a - Apportation           Tloc           0%         N/A       67%         1
b - Summon Small Mammal   Summ           4%         N/A       54%         1

Your spell library contained the following spells:

 Spells                   Type           Power      Damage    Failure   Level
 Necrotise                Necr           0%         1d4       67%         1
 Gell's Gravitas          Tloc           0%         N/A       95%         3
 Lesser Beckoning         Tloc           0%         N/A       95%         3
 Teleport Other           Tloc           0%         N/A       95%         3


Dungeon Overview and Level Annotations

Branches:
Dungeon (4/15)
 Temple: D:4-7

Altars:
Dithmenos
Hepliaklqana
Qazlal
Ru

Shops:
D:4 [


Innate Abilities, Weirdness & Mutations

((You are very nimble when in or above water. (Stealth+, EV+, Speed+++)))
Your lower body shifts to a powerful aquatic tail in water.


Message History

The orc priest is severely wounded.
The orc priest looks braver for a moment.
The orc closely misses you.
You puncture the orc priest!
You kill the orc priest!
An ogre comes into view. It is wielding a +0 giant club.
You puncture the orc!
You kill the orc!
You hit the orc priest.
The orc priest is moderately wounded.
The orc priest mumbles some strange prayers to Beogh against you.
Pain shoots through your body!
You hit the orc priest.
The orc priest is heavily wounded.
An orc wizard comes into view. It is wielding a +0 dagger.
The orc priest looks encouraged for a moment.
The orc wizard shouts!
You hit the orc priest.
The orc priest is severely wounded.
You completely miss the orc priest.
The orc priest is severely wounded.
The orc priest hits you with a +0 flail.
The endoplasm quivers.
You hit the orc priest.
The orc priest is almost dead.
The ogre barely misses you.
The orc priest mumbles some strange prayers to Beogh against you.
Beogh smites you!
You are too injured to fight recklessly!
You are too injured to fight recklessly!
You are too injured to fight recklessly!
The ogre attacks as you move away! The ogre barely misses you.
The orc wizard gestures at you while chanting.
The magic dart hits you.
The orc priest invokes the aid of Beogh against you.
Beogh smites you!
* * * LOW HITPOINT WARNING * * *
The orc priest mumbles some strange prayers to Beogh against you.
Beogh smites you!
You die...

....###.# # ♣~♣ ###.⌠.⌠.####.##
♣♣~♣♣ #....∩......... ♣♣ ♣P~P♣♣♣
..<.⌠.⌠......# .#♣P~♣♣~~.♣PP
..#####.###### ....~~~...)~~
).###......).# ♣♣P♣♣.~~♣♣♣
)##_#.#.#.).J#########♣♣ ♣♣~~♣
.##.####...(.o......##.# ♣.~P♣
##...####....O..@...##.# ♣♣.♣♣
#).#..# ##...o..###....###♣~.P♣
#.###.###.......# #).#....♣♣.♣♣
#.###.##.#...######..#######.####
..._#.##.#...# #...............
....#..'.#...# #.#.############
..._#.######## #.#.# # #.###.#
#.#.# # #.###.####### #.#.# ###


You could see an ogre, an orc priest, an orc wizard and an endoplasm.

Vanquished Creatures
  2 ogres
  A scorpion (D:4)
  2 orc priests
  A gnoll bouda (D:3)
  4 gnolls
  6 adders
  3 dart slugs
  11 orcs
  5 ball pythons
  8 endoplasms
  4 giant cockroaches
  9 goblins
  10 hobgoblins
  6 jackals
  12 kobolds
  4 quokkas
  8 bats
  3 frilled lizards
  7 rats
106 creatures vanquished.

Vanquished Creatures (others)
  11 plants (D:4)
11 creatures vanquished.

Grand Total: 117 creatures vanquished

Notes
Turn   | Place    | Note
-------+----------+-------------------------------------------
     0 | D:1      | ImASeal the Merfolk Gladiator began the quest for the Orb.
     0 | D:1      | Reached XP level 1. HP: 16/16 MP: 1/1
   199 | D:1      | Reached XP level 2. HP: 8/22 MP: 2/2
  1049 | D:1      | Reached XP level 3. HP: 27/27 MP: 3/3
  1638 | D:2      | Found a faded altar of an unknown god.
  1652 | D:2      | Reached skill level 5 in Polearms
  1701 | D:2      | Reached XP level 4. HP: 25/34 MP: 4/4
  1793 | D:2      | Reached skill level 1 in Armour
  2407 | D:3      | Noticed an ogre
  2417 | D:3      | Killed an ogre
  2418 | D:3      | Reached skill level 6 in Polearms
  2418 | D:3      | Reached skill level 1 in Stealth
  2418 | D:3      | Reached XP level 5. HP: 39/39 MP: 5/5
  2547 | D:3      | Reached skill level 5 in Dodging
  2549 | D:3      | Reached XP level 6. HP: 40/46 MP: 6/6
  2617 | D:3      | Learned a level 1 spell: Apportation
  2730 | D:3      | Learned a level 1 spell: Summon Small Mammal
  2811 | D:3      | Reached skill level 7 in Polearms
  3686 | D:4      | Found Yduix's Armour Boutique.
  3766 | D:4      | Found a sacrificial altar of Ru.
  3766 | D:4      | Found a faded altar of an unknown god.
  3774 | D:4      | Found a shadowy altar of Dithmenos.
  3776 | D:4      | Found a hazy altar of Hepliaklqana.
  3778 | D:4      | Found a stormy altar of Qazlal.
  3938 | D:4      | Reached XP level 7. HP: 52/52 MP: 7/7
  4030 | D:4      | Reached skill level 8 in Polearms
  4159 | D:4      | Killed from afar by an orc priest

Illustrated notes

Levels and vault maps discovered:
D:1:      lemuel_arrival_behind_the_door_small, layout_basic
D:2:      layout_basic, nicolae_ecumenical_pavilion
D:3:      kennysheep_six_static_rooms, layout_basic
D:4:      layout_loops_ring, chequers_temple_overflow_minitemple, serial_shops,
          shop_fountains, serial_bayou, serial_bayou_shore_b,
          serial_bayou_crossing, serial_bayou_pond_b, serial_bayou_pond_d

Skill      XL: |  1  2  3  4  5  6  7 |
---------------+----------------------+-----
Polearms       | 5 6 7 8 |  8.0
Armour         | 1 |  1.9
Stealth        | 1 |  1.3
Dodging        | 5 |  5.4
Fighting       | 3 |  3.4
Throwing       | |  2.0
Spellcasting   | |  0.1
Summonings     | |  0.8

Action                   |  1- 3 |  4- 6 |  7- 9 || total
-------------------------+-------+-------+-------++-------
Melee: Trident           |   140 |   171 |    23 ||   334
Throw: Throwing net      |       |     2 |       ||     2
 Cast: Apportation       |       |     1 |       ||     1
       Summon Small Mamm |       |     1 |       ||     1
  Use: Scroll            |       |     1 |       ||     1
 Stab: Held in net/web   |       |     1 |       ||     1
Armor: Leather armour    |    36 |    25 |       ||    61
       Ring mail         |       |       |     3 ||     3
Dodge: Dodged            |    75 |    75 |    11 ||   161
